 Dungeon Crawl Stone Soup version 0.31-a0-236-g9a0961fb85 (webtiles) character file.

Game seed: 17235385822218220803

148 qw the Shooter (level 5, -1/30 HPs)
             Began as a Gargoyle Hexslinger on July 9, 2023.
             Slain by an orc warrior
             ... wielding a +0 long sword
              (4 damage)
             ... on level 4 of the Dungeon.
             The game lasted 00:01:15 (2785 turns).

qw the Shooter (Gargoyle Hexslinger)                Turns: 2785, Time: 00:01:16

Health: -1/30      AC:  9    Str: 12    XL:     5   Next: 30%
Magic:  6/6        EV: 10    Int: 13    God:
Gold:   219        SH:  0    Dex: 14    Spells: 5/6 levels left

rFire   . . .        Y - +2 sling
rCold   . . .        (no shield)
rNeg    + . .        k - +0 ring mail
rPois   inf          (no helmet)
rElec   +            (no cloak)
rCorr   .            (no gloves)
SInv    .            (no boots)
Will    .....        (no amulet)
Stlth   +            (no ring)
HPRegen 0.25/turn    (no ring)
MPRegen 0.10/turn

%: no passive effects
@: no status effects
A: sickness immunity, AC +4, negative energy resistance 1, electricity
resistance, torment resistance 1, petrification resistance
a: no special abilities


You were on level 4 of the Dungeon.
You visited 1 branch of the dungeon, and saw 4 of its levels.

You collected 219 gold pieces.


Innate Abilities, Weirdness & Mutations

You are immune to sickness and miasma.
Your stone body is resilient. (AC +4)
You are immune to poison.
You resist negative energy. (rN+)
You are resistant to electric shocks. (rElec)
You are resistant to unholy torment.
You are immune to petrification.


   Skills:
 - Level 2.0 Fighting
 - Level 5.0 Ranged Weapons
 + Level 0.8 Armour
 - Level 1.5 Dodging
 - Level 1.0 Spellcasting
 - Level 2.6 Hexes


You had 5 spell levels left.
You knew the following spells:

 Your Spells              Type           Power      Damage    Failure   Level
a - Slow                  Hex            28%        N/A       22%         1

Your spell library contained the following spells:

 Spells                   Type           Power      Damage    Failure   Level
 Inner Flame              Hex/Fire       4%         N/A       73%         3
 Portal Projectile        Hex/Tloc       8%         N/A       73%         3
 Cause Fear               Hex            3%         N/A       91%         4

Inventory:

Hand Weapons
 Y - a +2 sling (weapon)
Armour
 k - a +0 ring mail (worn)
Scrolls
 a - a scroll of identify
 g - 3 scrolls of enchant armour
Potions
 e - a potion of enlightenment
 f - a potion of attraction {unknown}
 h - a potion of curing
 i - a potion of berserk rage {unknown}
 j - a potion of mutation {unknown}
 l - a potion of heal wounds {unknown}

Dungeon Overview and Level Annotations

Branches:
Dungeon (4/15)
 Temple: D:4-7

Altars:
Elyvilon
Trog


Message History

You shoot a sling bullet.
The sling bullet hits the orc warrior but does no damage.
You shoot a sling bullet.
The sling bullet hits the orc warrior but does no damage.
You shoot a sling bullet. The sling bullet hits the orc warrior.
The orc warrior is lightly wounded.
You shoot a sling bullet.
The sling bullet barely misses the orc warrior.
The orc warrior hits you with a +0 long sword.
You shoot a sling bullet. The sling bullet hits the orc warrior.
The orc warrior is lightly wounded.
The orc warrior hits you with a +0 long sword.
You shoot a sling bullet.
The sling bullet barely misses the orc warrior.
The orc warrior hits you but does no damage. x2
You shoot a sling bullet.
The sling bullet hits the orc warrior but does no damage.
The orc warrior is lightly wounded.
The orc warrior hits you but does no damage.
You shoot a sling bullet.
The sling bullet hits the orc warrior but does no damage.
The orc warrior is lightly wounded.
The orc warrior hits you with a +0 long sword!
You shoot a sling bullet. The sling bullet hits the orc warrior.
The orc warrior is moderately wounded.
The orc warrior hits you with a +0 long sword.
You shoot a sling bullet.
The sling bullet barely misses the orc warrior.
The orc warrior hits you with a +0 long sword. x2
You shoot a sling bullet. The sling bullet hits the orc warrior.
The orc warrior is heavily wounded.
The orc warrior hits you with a +0 long sword.
You shoot a sling bullet.
The sling bullet barely misses the orc warrior.
The orc warrior hits you but does no damage.
You shoot a sling bullet.
The sling bullet hits the orc warrior but does no damage.
The orc warrior is heavily wounded.
The orc warrior hits you with a +0 long sword.
You die...

#....# ... _.
##...# .... ).#
##..####...# ...#
##.#......# #...#
#.#......# #...#
#.#....... #...#
###.#.......
#..o##...........
#..@#...........
#...............
#............##.
.......:.........+
##.............###
#.........#####
#.........#
#.....<...#
#.........#


You could see an orc warrior.

Vanquished Creatures
  6 adders
  2 dart slugs
  8 orcs (D:3)
  6 ball pythons
  4 endoplasms
  A giant cockroach (D:1)
  8 goblins
  7 hobgoblins
  4 jackals (D:1)
  4 quokkas
  2 bats
  8 frilled lizards
  8 kobolds
  10 rats
78 creatures vanquished.

Notes
Turn   | Place    | Note
-------+----------+-------------------------------------------
     0 | D:1      | qw the Gargoyle Hexslinger began the quest for the Orb.
     0 | D:1      | Reached XP level 1. HP: 12/12 MP: 2/2
     0 | D:1      | 0 ||| qw: Version: 0.3-a-51-g015441d
     0 | D:1      | 0 ||| qw: Game counter: 4422
     0 | D:1      | 0 ||| qw: Melee chars always use a shield: true
     0 | D:1      | 0 ||| qw: God list: Okawaru
     0 | D:1      | 0 ||| qw: Allow faded altars: false
     0 | D:1      | 0 ||| qw: Do Orc after clearing Dungeon:15 true
     0 | D:1      | 0 ||| qw: Do second Lair branch before Depths: true
     0 | D:1      | 0 ||| qw: Lair rune preference: random
     0 | D:1      | 0 ||| qw: Goals: Normal
     0 | D:1      | 0 ||| PLANNING D:1-11
   141 | D:1      | Reached XP level 2. HP: 16/16 MP: 3/3
   197 | D:1      | Reached skill level 3 in Ranged Weapons
   400 | D:1      | Reached XP level 3. HP: 13/21 MP: 4/4
   746 | D:1      | 746 ||| READING scroll labelled ICUEVV GOMMIAT.
   747 | D:1      | 747 ||| READING 3 scrolls labelled OHEWNUSURY.
   748 | D:1      | 748 ||| READING scroll labelled UNASCH LEFIYGUKHILA.
   749 | D:1      | 749 ||| DROPPING scroll of poison.
   823 | D:2      | 823 ||| STAIRDANCE
   825 | D:2      | 825 ||| STAIRDANCE
   885 | D:2      | 885 ||| STAIRDANCE
  1149 | D:2      | Reached skill level 4 in Ranged Weapons
  1149 | D:2      | Reached XP level 4. HP: 15/26 MP: 5/5
  1378 | D:2      | HP: 4/26 [adder (3)]
  1822 | D:2      | 1822 ||| READING scroll labelled MIQUOF KADO.
  1823 | D:2      | 1823 ||| READING scroll labelled ULUIC UWIECW.
  1867 | D:3      | Found a faded altar of an unknown god.
  1957 | D:3      | 1957 ||| READING scroll labelled GICABERACW.
  2023 | D:3      | HP: 6/26 [orc/+0 hand axe (3)]
  2051 | D:3      | Reached XP level 5. HP: 15/30 MP: 6/6
  2425 | D:3      | Reached skill level 5 in Ranged Weapons
  2543 | D:3      | Found a white marble altar of Elyvilon.
  2561 | D:3      | 2561 ||| UPGRADING to +0 ring mail.
  2582 | D:3      | 2582 ||| DROPPING +0 robe.
  2704 | D:3      | 2704 ||| READING scroll labelled ERAEGH HEIGGAI.
  2705 | D:3      | 2705 ||| DRINKING 2 fizzy silvery potions.
  2706 | D:3      | 2706 ||| DRINKING 2 fuming yellow potions.
  2707 | D:3      | 2707 ||| READING 2 scrolls of identify.
  2707 | D:3      | 2707 ||| IDENTIFYING red potion
  2708 | D:3      | 2708 ||| DROPPING potion of brilliance.
  2771 | D:4      | Found a bloodstained altar of Trog.
  2771 | D:4      | Noticed an orc warrior
  2782 | D:4      | HP: 7/30 [orc warrior/+0 long sword (1)]
  2783 | D:4      | HP: 2/30 [orc warrior/+0 long sword (5)]
  2785 | D:4      | Slain by an orc warrior

Levels and vault maps discovered:
D:1:      wheals_arrival_linesprint, layout_basic
D:2:      layout_basic, grunt_decor_mini_mirrors, hangedman_decor_opposing
D:3:      layout_basic, nicolae_elyvilon_temple_path,
          hellmonk_ecumenical_altar_crossroads
D:4:      layout_basic, nzn_overflow_gifts_of_might_and_magic, serial_shops,
          shop, minmay_manual_mail, uniq_robin, uniq_pikel, uniq_grinder,
          uniq_blork_the_orc

Skill      XL: |  1  2  3  4  5 |
---------------+----------------+-----
Ranged Weapons | 3 4 5 |  5.0
Fighting       | 2 |  2.0
Armour         | |  0.8
Dodging        | |  1.5
Spellcasting   | |  1.0
Hexes          | |  2.6

Action                     |  1- 3 |  4- 6 || total
---------------------------+-------+-------++-------
   Fire: Sling             |   141 |   149 ||   290
    Use: Scroll            |     3 |     5 ||     8
         Potion            |       |     2 ||     2
 Armour: Robe              |    25 |    34 ||    59
         Ring mail         |       |     5 ||     5
  Dodge: Dodged            |    64 |    56 ||   120

Table legend:
 A = Non-vault XP
 B = Vault XP
 C = Vault XP percentage of total XP
 D = Non-vault monster count
 E = Vault monster count
 F = Vault count percentage of total count
                 A         B        C        D         E       F
            +---------+---------+-------+---------+---------+-------
      Total |     212 |       0 |   0.0 |      78 |       0 |   0.0
            +---------+---------+-------+---------+---------+-------
        D:1 |      49 |       0 |   0.0 |      29 |       0 |   0.0
        D:2 |      79 |       0 |   0.0 |      18 |       0 |   0.0
        D:3 |      70 |       0 |   0.0 |      30 |       0 |   0.0
        D:4 |      14 |       0 |   0.0 |       1 |       0 |   0.0
            +---------+---------+-------+---------+---------+-------
